 Dungeon Crawl Stone Soup version 0.25.1-8-g42b30a86e7 (webtiles) character file.

Game seed: 1277986029017815624

2956 hawla the Fighter (level 9, 0/86 HPs)
             Began as a Minotaur Gladiator on Dec 17, 2020.
             Slain by a sky beast (4 damage)
             ... on level 7 of the Dungeon.
             The game lasted 00:15:00 (7412 turns).

hawla the Fighter (Minotaur Gladiator)              Turns: 7412, Time: 00:15:01

Health: 0/86       AC:  7    Str: 18    XL:     9   Next: 52%
Magic:  17/17      EV: 12    Int:  8    God:
Gold:   452        SH:  5    Dex: 13    Spells: 8/8 levels left

rFire    . . .     SeeInvis .   z - +0 battleaxe
rCold    . . .     Gourm    .   (shield currently unavailable)
rNeg     . . .     Faith    .   t - +0 scale mail
rPois    .         Spirit   .   c - +1 hat
rElec    .         Reflect  +   (no cloak)
rCorr    .         Harm     .   u - +0 pair of gloves
MR       .....                  (no boots)
Stlth    +.........             y - amulet of reflection
HPRegen  0.24/turn              g - ring of stealth
MPRegen  0.15/turn              k - ring of magical power

@: corroded
A: retaliatory headbutt, horns 2
a: no special abilities


You were on level 7 of the Dungeon.
You were hungry.

You visited 1 branch of the dungeon, and saw 7 of its levels.
You also visited: Sewer.

You collected 452 gold pieces.

Inventory:

Hand Weapons
 z - a +0 battleaxe (weapon)
Missiles
 s - 5 boomerangs
 x - 23 poisoned darts (quivered)
Armour
 c - a +1 hat (worn)
 t - a +0 scale mail (worn)
 u - a +0 pair of gloves (worn)
Jewellery
 g - a ring of stealth (left hand)
 h - an uncursed amulet of guardian spirit
 k - a ring of magical power (right hand)
 y - an amulet of reflection (around neck)
Wands
 l - a wand of iceblast (8)
Scrolls
 a - a scroll of magic mapping
 e - 5 scrolls of teleportation
 j - a scroll of identify
 q - 3 scrolls of remove curse
Potions
 b - a potion of magic
 i - a potion of ambrosia
 m - 4 potions of curing
 n - 2 potions of brilliance
 o - a potion of invisibility
 p - 3 potions of flight {unknown}
 r - a potion of mutation {unknown}
 v - 2 potions of degeneration {unknown}
 w - 3 potions of stabbing {unknown}
Comestibles
 d - 11 chunks of flesh
 f - 16 rations


   Skills:
 + Level 10.8 Fighting
 - Level 3.6 Axes
 + Level 2.2 Throwing
 + Level 10.4 Armour
 + Level 4.9 Dodging
 + Level 0.7 Stealth
 + Level 1.2 Evocations


You had 8 spell levels left.
You didn't know any spells.
Your spell library was empty.

Dungeon Overview and Level Annotations

Branches:
Dungeon (7/15)              Sewer (visited)
 Temple: D:4-7

Altars:
Elyvilon
Ru
Trog
Yredelemnul
Beogh

Shops:
D:4 ?

Annotations:
D:3 3 runed translucent doors, ChiliFriez's ghost, amateur MiBe


Innate Abilities, Weirdness & Mutations

You reflexively headbutt those who attack you in melee.
You have a pair of horns on your head.


Message History

Unknown command.
You closely miss the ogre. You headbutt the ogre.
The ogre is almost dead.
You hit the jelly.
Your hands burn!
You barely miss something. You hit something.
Something hits you but does no damage. The ogre hits you with a +0 giant club!
The jelly closely misses you.
You hear some strange, mumbled words.
A puff of flame appears from out of thin air!
The puff of flame misses you. Something hits you. Something shocks you.
* * * LOW HITPOINT WARNING * * *
The jelly hits you.
* * * LOW HITPOINT WARNING * * *
You are splashed with acid!
* * * LOW HITPOINT WARNING * * *
You feel better. The ogre hits you with a +0 giant club!
* * * LOW HITPOINT WARNING * * *
Something hits you.
* * * LOW HITPOINT WARNING * * *
Something hits you.
You die...

........##.###.........
.........#.# #.........
#........#.# #.........
#........#.# #.........
########.#.# #.........
######.......#
#.........
#.......o....#
##.....###
#......JO{...# #.....#
#......†@{...# #.....#
#......).o.#.# #.....
#..........#.#
#..........#>#
#..........###
######+#####


You could see an orc warrior, an ogre, a jelly and an orc wizard.

Vanquished Creatures
  Pikel (D:6)
  Grinder (D:6)
  Sigmund (D:6)
  A hungry ghost (D:7)
  An ice beast (D:6)
  2 black bears (D:6)
  An ogre (D:5)
  2 centaurs (D:5)
  A necrophage (D:6)
  A big kobold (Sewer)
  A bullfrog (D:6)
  2 scorpions
  4 wights (D:6)
  2 howler monkeys (D:4)
  2 crimson imps
  A jelly (D:5)
  4 hounds
  4 orc priests
  Ijyb (D:3)
  2 iguanas
  Natasha (thrice) (D:2)
  5 orc wizards
  4 worker ants
  A hound zombie (D:5)
  10 adders
  3 gnolls (D:2)
  2 river rats (Sewer)
  3 oozes
  An adder zombie (D:6)
  2 worms
  4 leopard geckos
  25 orcs
  2 bats
  3 giant cockroaches
  6 goblins
  6 hobgoblins
  19 jackals
  2 quokkas
  4 ball pythons
  A ball python skeleton (D:4)
  8 frilled lizards
  8 kobolds
  A leopard gecko skeleton (D:5)
  A quokka skeleton (D:4)
  7 rats
  A spectral orc (D:5)
167 creatures vanquished.

Vanquished Creatures (others)
  A sky beast (D:6)
  A slave (D:6)
  A worker ant zombie (D:6)
3 creatures vanquished.

Grand Total: 170 creatures vanquished

Notes
Turn   | Place    | Note
-------+----------+-------------------------------------------
     0 | D:1      | hawla the Minotaur Gladiator began the quest for the Orb.
     0 | D:1      | Reached XP level 1. HP: 18/18 MP: 0/0
    58 | D:1      | Reached skill level 1 in Armour
   351 | D:1      | Reached XP level 2. HP: 26/26 MP: 1/1
  1244 | D:2      | Reached XP level 3. HP: 33/33 MP: 2/2
  1273 | D:2      | Noticed Natasha
  1335 | D:2      | Killed Natasha
  1335 | D:2      | Reached XP level 4. HP: 13/40 MP: 1/3
  1644 | D:2      | Noticed Natasha
  1654 | D:2      | Killed Natasha
  1913 | D:2      | Noticed Natasha
  1930 | D:2      | Killed Natasha
  1930 | D:2      | Reached XP level 5. HP: 5/47 MP: 1/4
  2303 | D:3      | Reached skill level 5 in Fighting
  2415 | D:3      | Found a glowing drain.
  2429 | Sewer    | Entered a sewer
  2556 | Sewer    | Reached skill level 5 in Armour
  2556 | Sewer    | Reached XP level 6. HP: 53/57 MP: 5/5
  2610 | Sewer    | Found a white marble altar of Elyvilon.
  2720 | D:3      | Found a faded altar of an unknown god.
  2927 | D:3      | Found a runed translucent gate.
  2927 | D:3      | Found a runed translucent gate.
  2927 | D:3      | Found a runed translucent gate.
  2929 | D:3      | Noticed ChiliFriez's ghost (amateur MiBe)
  2939 | D:3      | Identified the +7 dagger "Cismuini" {protect, +Fly rElec
                  | Dex+4 Stlth+}
  2942 | D:3      | Found a roughly hewn altar of Beogh.
  2952 | D:3      | Noticed Ijyb
  2966 | D:3      | Killed Ijyb
  3711 | D:4      | Found Useimaas's Magic Scroll Boutique.
  3842 | D:4      | Reached XP level 7. HP: 61/64 MP: 6/6
  4676 | D:5      | Entered Level 5 of the Dungeon
  5061 | D:5      | Reached XP level 8. HP: 65/74 MP: 7/7
  5290 | D:5      | Found a basalt altar of Yredelemnul.
  5673 | D:6      | Noticed Sigmund
  6014 | D:6      | Killed Sigmund
  6067 | D:6      | Found a white marble altar of Elyvilon.
  6220 | D:6      | Reached skill level 1 in Evocations
  6517 | D:6      | Found a bloodstained altar of Trog.
  6579 | D:6      | Reached XP level 9. HP: 85/85 MP: 8/8
  6673 | D:6      | Noticed Grinder
  6674 | D:6      | Noticed Pikel
  6706 | D:6      | Killed Pikel
  6706 | D:6      | Reached skill level 10 in Fighting
  6706 | D:6      | Reached skill level 10 in Armour
  6720 | D:6      | Paralysed by Grinder for 5 turns
  6728 | D:6      | Killed Grinder
  7250 | D:7      | Found a sacrificial altar of Ru.
  7412 | D:7      | HP: 4/86 [something (2)]
  7412 | D:7      | Slain by a sky beast

Illustrated notes

Levels and vault maps discovered:
D:1:      psy_arrival_statuary, layout_basic, serial_bayou_lagoon_a,
          minmay_stone_trees_medium, item_on_display_b
D:2:      layout_rooms, uniq_natasha
D:3:      layout_basic, chequers_ecumenical_altar_simple, serial_glass,
          glass_columns_a, glass_columns_b, biasface_ghost_orc_armoury,
          portal_sewer_entry_d, uniq_ijyb
D:4:      layout_loops_corners, first_ration, serial_shops, shop
D:5:      layout_basic, yredelemnul_forgotten_temple_becter
D:6:      layout_rooms, elyvilon_altar_4, trog_ov_bears_minmay, uniq_pikel,
          uniq_grinder, uniq_sigmund
D:7:      layout_basic, temple_pool_b, basic_altar,
          nicolae_dithmenos_the_darkroom

Skill      XL: |  1  2  3  4  5  6  7  8  9 |
---------------+----------------------------+-----
Fighting       | 3 4 6 8 9 10 | 10.8
Armour         | 1 2 3 5 6 7 9 10 | 10.4
Evocations     | 1 |  1.2
Dodging        | 4 |  4.9
Axes           | |  3.6
Throwing       | |  2.2
Stealth        | |  0.7

Action                   |  1- 3 |  4- 6 |  7- 9 || total
-------------------------+-------+-------+-------++-------
Melee: War axe           |    45 |   157 |   210 ||   412
       Headbutt          |     4 |    26 |    51 ||    81
       Battleaxe         |       |       |    25 ||    25
Throw: Throwing net      |     2 |       |     1 ||     3
       Dart              |       |       |     3 ||     3
  Use: Scroll            |     5 |     4 |     4 ||    13
       Potion            |     1 |     1 |     2 ||     4
 Stab: Sleeping          |     2 |     2 |     1 ||     5
       Distracted        |       |       |     1 ||     1
  Eat: Chunk             |     1 |     9 |    11 ||    21
Armor: Leather armour    |     3 |       |       ||     3
       Ring mail         |     4 |    27 |       ||    31
       Scale mail        |       |    29 |   118 ||   147
Dodge: Dodged            |    29 |    99 |   176 ||   304
Block: Other             |       |       |    41 ||    41
